 Dungeon Crawl Stone Soup version 0.27.0-1-g7a089689b8 (webtiles) character file.

Game seed: 1770241169904088776

49 Spectrina the Magician (level 3, -1/33 HPs)
             Began as a Deep Elf Monk on Aug 7, 2021.
             Slain by an adder (3 damage)
             ... on level 4 of the Dungeon.
             The game lasted 00:02:36 (339 turns).

Spectrina the Magician (Deep Elf Monk)               Turns: 339, Time: 00:02:37

Health: -1/33      AC: 21    Str:  5 (8)  XL:     3   Next: 51%
Magic:  7/10       EV:  2    Int: 15      God:
Gold:   20         SH:  0    Dex: 15 (17) Spells: 10/10 levels left

rFire    + . .     SeeInvis .   (no weapon)
rCold    + . .     Faith    .   (no shield)
rNeg     + + +     Spirit   .   (armour currently unavailable)
rPois    +         Reflect  .   (helmet currently unavailable)
rElec    +         Harm     .   (cloak currently unavailable)
rCorr    +         Rampage  .   (gloves currently unavailable)
Will     .....     NoTele   +   (boots currently unavailable)
Stlth    ++........             (no amulet)
HPRegen  0.11/turn              (no ring)
MPRegen  0.12/turn              (no ring)

@: tree-form, resistant
A: stationary, stasis, torment immunity, boosted hp
a: no special abilities


You were on level 4 of the Dungeon.
You were a tree.
You visited 1 branch of the dungeon, and saw 4 of its levels.

You collected 20 gold pieces.

Inventory:

Hand Weapons
 a - a +0 short sword
Missiles
 h - 27 stones (quivered)
Armour
 b - a +0 robe (melded)
Scrolls
 d - 2 scrolls of fog {unknown}
 f - a scroll of identify {unknown}
 g - a scroll of blinking {unknown}
Potions
 e - a potion of might


   Skills:
 - Level 2.4 Fighting
 - Level 3.0 Short Blades
 - Level 3.6 Dodging
 - Level 2.4 Stealth
 + Level 4.3 Spellcasting


You had 10 spell levels left.
You didn't know any spells.
Your spell library contained the following spells:

 Spells                   Type           Power      Damage    Failure   Level
 Gell's Gravitas          Tloc           1%         N/A       45%         3
 Teleport Other           Tloc           3%         N/A       45%         3
 Dispersal                Tloc           1%         N/A       100%        6


Dungeon Overview and Level Annotations

Branches:
Dungeon (4/15)
 Temple: D:4-7

Altars:

Annotations:
D:4 Grinder


Message History

The howler monkey hits you but does no damage.
The adder bites you but does no damage.
You barely miss the howler monkey.
The howler monkey is moderately wounded.
The howler monkey hits you but does no damage.
The adder bites you but does no damage.
You hit the howler monkey.
The howler monkey is heavily wounded.
The howler monkey hits you but does no damage.
The adder bites you but does no damage. The goblin hits you but does no damage.
You hit the howler monkey but do no damage.
The howler monkey is heavily wounded.
The adder bites you but does no damage.
The howler monkey hits you but does no damage.
The goblin hits you but does no damage. The adder bites you but does no damage.
You smack the howler monkey!
The howler monkey is almost dead.
The howler monkey hits you but does no damage.
The adder bites you but does no damage. The goblin hits you but does no damage.
The howler monkey hits you.
* * * LOW HITPOINT WARNING * * *
You hit the howler monkey.
You kill the howler monkey!
The adder completely misses you. The goblin hits you but does no damage.
A worm comes into view.
You feel your intelligence returning.
Your Spellcasting skill gained 2 levels and is now at level 4!
You have reached level 3!
Your experience leads to an increase in your attributes!
Your base attributes are Str 8, Int 14, Dex 17.
Increase (S)trength, (I)ntelligence, or (D)exterity?
You feel clever.
You hit the goblin.
You kill the goblin!
The adder bites you but does no damage.
You hit Grinder.
Grinder is severely wounded.
The adder bites you but does no damage. Grinder hits you but does no damage.
The adder bites you.
You die...

.........
..............#.#
..w......
.............## #
........#
..#...w#?.##.#
........#####.#....#..
.#
...................#..
.#
......................
.. #........†.........
##...#.#####.#....#
...........†♣5...$...
......#.#####S#....##
###.#.#.. .rS...... #
# ### #.#.>..##
......... ... .....
#.#. ..## ... ..#


You could see Grinder (strong), a worm, 2 adders and a quokka.

Vanquished Creatures
  A howler monkey (D:4)
  3 ball pythons
  An endoplasm (D:3)
  A giant cockroach (D:4)
  A hobgoblin (D:3)
  A ball python skeleton (D:2)
  A ball python zombie (D:2)
  A goblin (D:4)
10 creatures vanquished.

Vanquished Creatures (others)
  A withered plant (D:2)
1 creature vanquished.

Grand Total: 11 creatures vanquished

Notes
Turn   | Place    | Note
-------+----------+-------------------------------------------
     0 | D:1      | Spectrina the Deep Elf Monk began the quest for the Orb.
     0 | D:1      | Reached XP level 1. HP: 13/13 MP: 3/3
     6 | D:1      | Noticed a seven-headed hydra
     6 | D:1      | Noticed a black bear
     6 | D:1      | Noticed a black mamba
     7 | D:1      | Noticed a redback
     7 | D:1      | Noticed a wolf
   102 | D:2      | Reached skill level 1 in Spellcasting
   224 | D:3      | Reached skill level 2 in Spellcasting
   260 | D:3      | Reached XP level 2. HP: 11/18 MP: 7/7
   295 | D:4      | Noticed Grinder
   307 | D:4      | Noticed a howler monkey
   336 | D:4      | HP: 1/27 [howler monkey (5)]
   337 | D:4      | Killed a howler monkey
   338 | D:4      | Reached skill level 4 in Spellcasting
   338 | D:4      | Reached XP level 3. HP: 1/22 MP: 7/10
   339 | D:4      | Slain by an adder

Illustrated notes

Levels and vault maps discovered:
D:1:      onia_arrival_zoo_common, layout_rooms, grunt_decor_one_mirror,
          minmay_misc_feat_x, minmay_split_cup_small
D:2:      layout_basic, hellmonk_ecumenical_altar_blasted, serial_undead,
          serial_undead_e, serial_undead_b, serial_undead_c, serial_undead_c,
          basic_altar
D:3:      layout_basic, minmay_joined_circles, uniq_robin
D:4:      layout_basic, mainiacjoe_overflow_tiny_flanked, uniq_eustachio,
          uniq_grinder

Skill      XL: |  1  2 |
---------------+-------+-----
Spellcasting   | 2 4 |  4.3
Fighting       | |  2.4
Short Blades   | |  3.0
Dodging        | |  3.6
Stealth        | |  2.4

Action                   || total
-------------------------++-------
Melee: Short sword       ||    25
       Unarmed           ||    20
  Use: Potion            ||     4
 Stab: Sleeping          ||     1
Armor: Robe              ||     3
       Skin              ||    40
Dodge: Dodged            ||    25
